 Dungeon Crawl Stone Soup version 0.28-a0-94-g325244837d (webtiles) character file.

Game seed: 17561777969068309604

3122 ZenoRockbell the Grappler (level 9, -6/127 HPs)
             Began as a Troll Berserker on Aug 7, 2021.
             Was a Priest of Trog.
             Mangled by a troll (7 damage)
             ... on level 7 of the Dungeon.
             The game lasted 00:28:29 (4839 turns).

ZenoRockbell the Grappler (Troll Berserker)         Turns: 4839, Time: 00:28:29

Health: -6/127     AC: 24    Str: 30    XL:     9   Next: 60%
Magic:  8/8        EV:  1    Int:  3    God:    Trog [***...]
Gold:   283        SH:  0    Dex:  9    Spells: 8/8 levels left

rFire   . . .      SeeInvis .   e - +5 great mace "Ostreofo" {protect, Will+}
rCold   . . .      Faith    .   (shield currently unavailable)
rNeg    + + +      Spirit   .   (armour currently unavailable)
rPois   +          Reflect  .   (helmet currently unavailable)
rElec   .          Harm     .   (cloak currently unavailable)
rCorr   .          Rampage  .   (gloves unavailable)
Will    +....      NoTele   +   (boots unavailable)
Stlth   +.........              (no amulet)
HPRegen 1.31/turn               (no ring)
MPRegen 0.11/turn               (no ring)

@: brilliant, tree-form
A: stationary, stasis, torment immunity, boosted hp, large, unfitting armour,
(claws 3), regeneration 1, (shaggy fur 1), (tough skin 1)
a: Renounce Religion, Berserk, Trog's Hand


You were on level 7 of the Dungeon.
You worshipped Trog.
Trog was most pleased with you.
You were a tree.
You visited 1 branch of the dungeon, and saw 7 of its levels.

You collected 283 gold pieces.

Inventory:

Hand Weapons
 c - a +1 war axe of electrocution
 e - the +5 great mace "Ostreofo" (weapon) {protect, Will+}
   (You took it off an ogre on level 4 of the Dungeon)

   It grants its wielder temporary protection when it strikes (+7 to AC).
   Will:      It increases your willpower.
 h - a +1 dagger of venom
Armour
 a - a +1 animal skin (melded)
 f - a +0 cloak (melded)
 u - a scarf of shadows
Jewellery
 k - an amulet of magic regeneration
Wands
 i - a wand of iceblast (3)
 m - a wand of paralysis (5)
 q - a wand of flame (11)
Scrolls
 j - a scroll of magic mapping
 l - a scroll of brand weapon
 s - a scroll of holy word
 t - a scroll of silence
 v - a scroll of immolation {unknown}
Potions
 d - a potion of flight
 n - a potion of resistance {unknown}
 o - 2 potions of ambrosia {unknown}
 p - 3 potions of magic {unknown}


   Skills:
 * Level 4.7 Fighting
 * Level 5.3 Maces & Flails
 * Level 3.6 Armour
 * Level 5.8 Dodging
 - Level 8.3 Unarmed Combat
 - Level 0.1 Evocations


You had 8 spell levels left.
You didn't know any spells.
Your spell library was empty.

Dungeon Overview and Level Annotations

Branches:
Dungeon (7/15)             Temple (0/1) D:6

Altars:
Sif Muna

Shops:
D:3 !


Innate Abilities, Weirdness & Mutations

You are a tree.
Your roots penetrate the ground, keeping you stationary.
You cannot be teleported.
You are immune to unholy pain and torment.
Your maximum health is greatly increased.
Your equipment is partially melded.
You are too large for most types of armour.
((You have claws for hands.))
Your natural rate of healing is unusually fast.
((You are covered in fur. (AC +1)))
((You have tough skin. (AC +1)))


Message History

Your +1 animal skin melds into your body.
Your roots penetrate the ground.
The troll bites you.
* * * LOW HITPOINT WARNING * * *
The troll claws you but does no damage. The troll claws you!
* * * LOW HITPOINT WARNING * * *
The iguana bites you but does no damage.
You closely miss the troll. The troll bites you.
* * * LOW HITPOINT WARNING * * *
The troll claws you but does no damage. The troll claws you.
* * * LOW HITPOINT WARNING * * *
The iguana completely misses you.
You barely miss the troll. The troll bites you but does no damage.
The troll claws you but does no damage. x2
The iguana bites you but does no damage.
The troll bites you.
* * * LOW HITPOINT WARNING * * *
The troll claws you but does no damage. x2
The iguana bites you but does no damage.
You barely miss the troll. The troll bites you but does no damage.
The troll claws you!
* * * LOW HITPOINT WARNING * * *
The troll claws you but does no damage.
The iguana bites you but does no damage.
You barely miss the troll. The troll bites you but does no damage.
The troll claws you but does no damage. x2
The iguana bites you but does no damage.
The troll bites you but does no damage. The troll claws you but does no damage.
The troll claws you.
* * * LOW HITPOINT WARNING * * *
The iguana completely misses you.
As you read the scroll labelled WUETRA BE IFIPN, it crumbles to dust.
The scroll dissolves into smoke.
It was a scroll of fog.
The troll bites you.
* * * LOW HITPOINT WARNING * * *
The troll claws you but does no damage. x2; The iguana completely misses you.
It was a potion of brilliance.
You feel clever all of a sudden. The troll bites you but does no damage.
The troll claws you!
* * * LOW HITPOINT WARNING * * *
The troll claws you!
You die...

# #. ##+.+##
....... ..#
...8.[. ...#
..⌠.⌠.§ ...##
......l###....#
.....§T♣§§....#
##+.+##§#§....#
#.§.....#
##......(#
#........#
###.(......#
#..........#
#.##.......#
#......#####


You could see a troll and an iguana.

Vanquished Creatures
  Pikel (D:4)
  The ghost of DocClef the Covert, a novice GnDe of Ru (D:4)
  A komodo dragon (D:7)
  Eustachio (D:5)
  Menkaure (D:4)
  A sky beast (D:6)
  4 ogres
  A necrophage (D:5)
  A centaur (D:6)
  A phantom (D:5)
  Blork the orc (D:6)
  2 bullfrogs
  A scorpion (D:5)
  A water moccasin zombie (D:7)
  A water moccasin skeleton (D:5)
  A howler monkey (D:6)
  A jelly (D:4)
  4 orc priests
  A centaur skeleton (D:6)
  A gnoll shaman (D:6)
  7 hounds
  Terence (D:2)
  Jessica (D:2)
  3 iguanas
  3 orc wizards
  A hound skeleton (D:4)
  3 gnolls (D:6)
  8 adders
  A white imp (D:6)
  An ufetubus (D:4)
  2 adder skeletons (D:4)
  3 worms
  4 dart slugs
  8 orcs
  4 endoplasms
  2 giant cockroaches (D:1)
  5 goblins
  8 hobgoblins
  2 jackals (D:3)
  8 kobolds
  2 quokkas (D:4)
  3 ball pythons
  3 bats (D:1)
  3 frilled lizards
  2 rats (D:2)
115 creatures vanquished.

Notes
Turn   | Place    | Note
-------+----------+-------------------------------------------
     0 | D:1      | ZenoRockbell the Troll Berserker began the quest for the
                  | Orb.
     0 | D:1      | Reached XP level 1. HP: 22/22 MP: 0/0
   477 | D:1      | Reached XP level 2. HP: 29/29 MP: 1/1
  1021 | D:1      | You fall into a shaft and drop 1 floor!
  1576 | D:2      | Noticed Jessica
  1579 | D:2      | Noticed Terence
  1587 | D:2      | Killed Jessica
  1588 | D:2      | Reached XP level 3. HP: 17/36 MP: 2/2
  1589 | D:2      | Killed Terence
  1590 | D:2      | Reached XP level 4. HP: 23/44 MP: 3/3
  1648 | D:2      | Reached skill level 4 in Unarmed Combat
  1939 | D:3      | Reached ** piety under Trog
  2128 | D:3      | Found Locuapu's Distillery.
  2389 | D:4      | Reached XP level 5. HP: 53/53 MP: 4/4
  2423 | D:4      | Noticed a lemure
  2423 | D:4      | Noticed a lemure
  2427 | D:4      | Noticed Pikel
  2440 | D:4      | Killed Pikel
  2441 | D:4      | Reached skill level 1 in Armour
  2441 | D:4      | Reached skill level 6 in Unarmed Combat
  2441 | D:4      | Reached XP level 6. HP: 46/61 MP: 5/5
  2441 | D:4      | Reached XP level 7. HP: 51/67 MP: 6/6
  2602 | D:4      | Identified the +5 great mace "Ostreofo" {protect, Will+}
  2603 | D:4      | Found a transporter.
  2603 | D:4      | Found a transporter.
  2604 | D:4      | Noticed DocClef's ghost (novice GnDe)
  2825 | D:4      | Reached skill level 7 in Unarmed Combat
  2992 | D:4      | Noticed Menkaure
  3001 | D:4      | Killed Menkaure
  3007 | D:4      | Reached *** piety under Trog
  3140 | D:4      | Reached XP level 8. HP: 50/75 MP: 7/7
  3150 | D:4      | Killed DocClef's ghost
  3151 | D:4      | Reached skill level 8 in Unarmed Combat
  3217 | D:5      | Entered Level 5 of the Dungeon
  3274 | D:5      | Reached skill level 5 in Dodging
  3492 | D:5      | Reached skill level 1 in Maces & Flails
  3496 | D:5      | Noticed Eustachio
  3512 | D:5      | Killed Eustachio
  3669 | D:6      | Reached XP level 9. HP: 84/84 MP: 8/8
  3798 | D:6      | Found a staircase to the Ecumenical Temple.
  3967 | D:6      | Noticed Blork the orc
  3974 | D:6      | Killed Blork the orc
  4558 | D:6      | Found a shimmering blue altar of Sif Muna.
  4742 | D:7      | Noticed a komodo dragon
  4749 | D:7      | Killed a komodo dragon
  4750 | D:7      | Reached skill level 5 in Maces & Flails
  4827 | D:7      | Noticed a troll
  4839 | D:7      | HP: 1/127 [troll (10)]
  4839 | D:7      | Mangled by a troll

Illustrated notes

Levels and vault maps discovered:
D:1:      dpeg_arrival_more_subterranean_lakeside_camping, layout_loops_corners,
          minmay_strange_pillars
D:2:      layout_basic, uniq_terence, uniq_jessica
D:3:      layout_rooms, serial_shops, nicolae_shop_behind_doors
D:4:      layout_loops_ring, gammafunk_ghost_smash, minmay_cupped, uniq_pikel,
          uniq_menkaure
D:5:      layout_basic, uniq_eustachio
D:6:      layout_loops_corners, mainiacjoe_overflow_cross_hatched,
          minmay_temple_entry_from_below_b, uniq_blork_the_orc
D:7:      layout_basic, hellmonk_guarded_unrand_lears

Skill      XL: |  1  2  3  4  5  6  7  8  9 |
---------------+----------------------------+-----
Dodging        | 3 4 5 |  5.8
Unarmed Combat | 4 6 7 8 |  8.3
Fighting       | 3 4 |  4.7
Armour         | 1 2 3 |  3.6
Maces & Flails | 2 5 |  5.3
Evocations     | |  0.1

Action                   |  1- 3 |  4- 6 |  7- 9 || total
-------------------------+-------+-------+-------++-------
Melee: Unarmed           |    64 |    57 |    92 ||   213
       Punch             |     1 |     1 |     1 ||     3
       Great mace        |       |       |   147 ||   147
Evoke: Wand              |       |       |     5 ||     5
  Use: Scroll            |     4 |     5 |     9 ||    18
       Potion            |       |       |     5 ||     5
Armor: Animal skin       |    50 |    18 |   118 ||   186
       Skin              |       |       |    22 ||    22
Dodge: Dodged            |    56 |    33 |   145 ||   234

Table legend: (Time is in decaauts)
 A = Elapsed time spent in this place.
 B = Non-inter-level travel time spent in this place.
 C = Inter-level travel time spent in this place.
 D = Time resting spent in this place.
 E = Time spent auto-exploring this place.
 F = Levels seen in this place.
 G = Mean time per level.
                   A        B        C        D        E       F      G
               +--------+--------+--------+--------+--------+-----+--------+
         Total |   4900 |   4900 |      0 |      0 |      0 |   7 |  700.0 |
       Dungeon |   4900 |   4900 |      0 |      0 |      0 |   7 |  700.0 |
               +--------+--------+--------+--------+--------+-----+--------+

Top non-repeatable levels by time:
     D:6: 1141 daAuts
     D:1: 1022 daAuts
     D:2: 897 daAuts
     D:4: 824 daAuts
     D:5: 454 daAuts
     D:3: 453 daAuts
     D:7: 105 daAuts
